 Dungeon Crawl Stone Soup version 0.19.5 (webtiles) character file.

1809 sankara the Cruncher (level 8, -19/106 HPs)
             Began as a Minotaur Gladiator on Mar 14, 2017.
             Was a Follower of Okawaru.
             Demolished by an orc wizard
             ... wielding a +2 dagger of electrocution
              (20 damage)
             ... on level 6 of the Dungeon.
             The game lasted 00:10:50 (5213 turns).

sankara the Cruncher (Minotaur Gladiator)           Turns: 5213, Time: 00:10:51

Health: -19/106    AC: 16    Str: 21 (24) XL:     8   Next: 84%
Magic:  8/8        EV:  9    Int:  8 (10) God:    Okawaru [*.....]
Gold:   319        SH:  0    Dex: 15 (17) Spells: 0 memorised, 7 levels left

rFire  . . .     SeeInvis .     a - +0 quarterstaff
rCold  . . .     Gourm    .     H - +0 plate armour
rNeg   . . .     Faith    .     (shield currently unavailable)
rPois  .         Spirit   .     c - +0 hat
rElec  .         Reflect  .     (no cloak)
rCorr  .         Harm     .     t - +2 pair of gloves {Dex+3}
MR     .....                    (no boots)
Stlth  ..........               (no amulet)
                                (no ring)
                                b - +1 ring of protection

@: brilliant, berserking, very quick
A: retaliatory headbutt, horns 2
a: Heroism, Renounce Religion


You were on level 6 of the Dungeon.
You worshipped Okawaru.
Okawaru was aware of your devotion.
You were not hungry.

You visited 2 branches of the dungeon, and saw 7 of its levels.
You also visited: Ossuary.

You collected 319 gold pieces.

Inventory:

Hand Weapons
 a - a +0 quarterstaff (weapon)
Missiles
 d - 3 throwing nets (quivered)
Armour
 c - a +0 hat (worn)
 t - a +2 pair of gloves of dexterity (worn)
 H - a +0 plate armour (worn)
Jewellery
 b - a +1 ring of protection (left hand)
Wands
 p - a wand of acid (12/15)
 F - a wand of polymorph (15/24)
 I - a wand of paralysis (15/24)
Scrolls
 e - a scroll of recharging {unknown}
 j - 2 scrolls of random uselessness
 k - 7 scrolls of identify
 n - a scroll of magic mapping
 s - 2 scrolls of fear {unknown}
 v - 3 scrolls of remove curse
 w - a scroll of teleportation
 y - a scroll of enchant weapon {unknown}
 E - 3 scrolls of amnesia {unknown}
 G - a scroll of noise {unknown}
Potions
 g - a potion of lignification
 l - 2 potions of might
 o - a potion of magic
 r - a potion of degeneration
 z - 2 potions of heal wounds {unknown}
 A - a potion of flight {unknown}
 B - 2 potions of curing
 C - a potion of cancellation {unknown}
 D - 2 potions of invisibility {unknown}
Comestibles
 f - 5 bread rations
 i - a slice of pizza
 q - 2 beef jerkies
 u - 2 meat rations
 J - a chunk of flesh


   Skills:
 + Level 6.6 Fighting
 + Level 8.9 Staves
 - Level 2.0 Throwing
 + Level 5.8 Armour
 + Level 6.5 Dodging
 + Level 2.2 Invocations


You had 7 spell levels left.
You didn't know any spells.

Dungeon Overview and Level Annotations

Branches:
Dungeon (6/15)             Temple (1/1) D:4

Altars:
Ashenzari
Cheibriados
Dithmenos
Elyvilon
Fedhas
Gozag
Hepliaklqana
Kikubaaqudgha
Makhleb
Nemelex Xobeh
Okawaru
Qazlal
Ru
Sif Muna
Trog
Vehumet
Yredelemnul
Zin
The Shining One


Innate Abilities, Weirdness & Mutations

You reflexively headbutt those who attack you in melee.
You have a pair of horns on your head.


Message History

It was a potion of brilliance.
You feel clever all of a sudden.
The orc wizard casts a cantrip, but nothing happens.
It was a potion of cure mutation.
It has a very clean taste.
The orc wizard hits you with a dagger of electrocution.
* * * LOW HITPOINT WARNING * * *
It was a potion of magic.
Magic courses through your body.
The orc wizard hits you with a dagger of electrocution.
* * * LOW HITPOINT WARNING * * *
It was a potion of degeneration.
There was something very wrong with that liquid.
You feel weakened.
You feel dopey.
You feel clumsy.
The orc wizard points at you and mumbles some strange words.
The puff of flame misses you.
It was a potion of berserk rage.
A red film seems to cover your vision as you go berserk!
You feel yourself moving faster!
You feel mighty!
The orc wizard hits you but does no damage.
You are electrocuted!
You die...

#................
#.#................
..................
.......)........#
#.######........##
#...........# ###
#...........#
....#.....†.o...#
...........@)...#
####...%...†#...#
#[.....[#...#...
#.......#.#.#....
.........#.###.....
........#.## .....
.......#.## ....
......# # ...
.#...# ...


You could see an orc wizard.

Vanquished Creatures
  The ghost of Lizzreth the Carver, a novice DsFi of Yredelemnul (D:6)
  Sigmund (D:4)
  A steam dragon (D:5)
  An ogre (D:6)
  A wyvern zombie (Ossuary)
  A scorpion (D:5)
  A centaur zombie (Ossuary)
  4 bullfrog zombies (Ossuary)
  3 hounds
  2 jellies
  An orc priest (D:5)
  4 orc wizards
  Ijyb (D:2)
  A worker ant (D:4)
  2 hound zombies (Ossuary)
  8 mummies (Ossuary)
  A howler monkey skeleton (D:6)
  4 worker ant zombies
  3 gnolls (D:6)
  3 adders
  2 shadow imps (D:5)
  3 adder zombies
  A worm (D:3)
  2 dart slugs
  4 leopard geckos
  14 orcs
  2 ball pythons (D:3)
  5 giant cockroaches
  7 goblins
  5 hobgoblins
  7 jackals
  4 quokkas
  10 bats
  7 frilled lizards
  3 giant cockroach zombies (Ossuary)
  A jackal skeleton (D:4)
  A jackal zombie (Ossuary)
  9 kobolds
  A quokka skeleton (D:4)
  2 quokka zombies
  5 rats
139 creatures vanquished.

Vanquished Creatures (others)
  A withered plant (Ossuary)
1 creature vanquished.

Grand Total: 140 creatures vanquished

Notes
Turn   | Place    | Note
-------+----------+-------------------------------------------
     0 | D:1      | sankara the Minotaur Gladiator began the quest for the Orb.
     0 | D:1      | Reached XP level 1. HP: 18/18 MP: 0/0
   166 | D:1      | Reached XP level 2. HP: 23/25 MP: 1/1
   207 | D:1      | Reached skill level 1 in Armour
   215 | D:1      | Reached skill level 4 in Staves
   995 | D:2      | Noticed Ijyb
   997 | D:2      | Reached XP level 3. HP: 30/30 MP: 2/2
  1006 | D:2      | Killed Ijyb
  1066 | D:2      | Reached XP level 4. HP: 37/38 MP: 3/3
  1640 | D:3      | Reached XP level 5. HP: 38/45 MP: 4/4
  1643 | D:3      | Reached skill level 5 in Staves
  2315 | D:4      | Found a sand-covered staircase.
  2319 | Ossuary  | Entered an ossuary
  2401 | Ossuary  | Reached XP level 6. HP: 44/52 MP: 5/5
  2403 | Ossuary  | Reached skill level 6 in Staves
  2696 | Ossuary  | Reached XP level 7. HP: 56/60 MP: 6/6
  2709 | Ossuary  | Reached skill level 5 in Dodging
  2810 | Ossuary  | Reached skill level 7 in Staves
  2957 | D:4      | Found a staircase to the Ecumenical Temple.
  3102 | Temple   | Entered the Ecumenical Temple
  3172 | Temple   | Became a worshipper of Warmaster Okawaru
  3291 | D:4      | Found a glowing golden altar of the Shining One.
  3343 | D:4      | Noticed Sigmund
  3356 | D:4      | Killed Sigmund
  3356 | D:4      | Reached skill level 5 in Fighting
  3640 | D:4      | Found a white marble altar of Elyvilon.
  3693 | D:5      | Entered Level 5 of the Dungeon
  3693 | D:5      | Noticed a steam dragon
  3705 | D:5      | Killed a steam dragon
  3705 | D:5      | Reached skill level 8 in Staves
  3705 | D:5      | Reached XP level 8. HP: 5/69 MP: 7/7
  4196 | D:5      | Reached skill level 5 in Armour
  4905 | D:6      | Noticed Lizzreth's ghost (novice DsFi)
  4948 | D:6      | Killed Lizzreth's ghost
  4948 | D:6      | Reached * piety under Okawaru
  5211 | D:6      | HP: 1/71 [orc wizard/dagger of electrocution (3)]
  5213 | D:6      | Demolished by an orc wizard

Skill      XL: |  1  2  3  4  5  6  7  8 |
---------------+-------------------------+-----
Armour         | 1 2 3 4 5 |  5.8
Staves         | 4 5 6 8 |  8.9
Fighting       | 3 4 5 6 |  6.6
Dodging        | 4 5 6 |  6.5
Invocations    | 2 |  2.2
Throwing       | |  2.0

Action                   |  1- 3 |  4- 6 |  7- 9 || total
-------------------------+-------+-------+-------++-------
Melee: Quarterstaff      |    87 |   151 |   194 ||   432
       Headbutt          |    12 |    26 |    48 ||    86
  Use: Scroll            |       |     7 |       ||     7
       Potion            |       |       |     7 ||     7
  Eat: Chunk             |     1 |     4 |     9 ||    14
Armor: Leather armour    |     6 |       |       ||     6
       Ring mail         |    12 |    46 |    39 ||    97
       Plate armour      |       |       |    28 ||    28
       Chain mail        |       |       |     6 ||     6
       Skin              |       |       |     4 ||     4
Dodge: Dodged            |    67 |    81 |    94 ||   242
